 Dungeon Crawl Stone Soup version 0.27-a0-1232-gc6a4cbde82 (webtiles) character file.

Game seed: 17048608518893332053

1490 siradein the Carver (level 8, -2/39 HPs)
             Began as a Vine Stalker Fighter on June 8, 2021.
             Was a Follower of Fedhas.
             Slain by an orc warrior
             ... wielding a +0 scimitar
              (8 damage)
             ... on level 5 of the Dungeon.
             The game lasted 00:09:28 (4978 turns).

siradein the Carver (Vine Stalker Fighter)          Turns: 4978, Time: 00:09:28

Health: -2/39      AC:  7    Str: 20    XL:     8   Next: 80%
Magic:  0/9        EV: 11    Int:  8    God:    Fedhas [*.....]
Gold:   293        SH:  9    Dex: 15    Spells: 7/7 levels left

rFire    . . .     SeeInvis .   a - +0 long sword
rCold    . . .     Faith    .   c - +0 kite shield
rNeg     . . .     Spirit   +   b - +0 scale mail
rPois    +         Reflect  .   (no helmet)
rElec    .         Harm     .   x - +0 cloak
rCorr    .         Rampage  .   (no gloves)
Will     +....                  (no boots)
Stlth    ..........             (no amulet)
HPRegen  1.13/turn              n - +4 ring of evasion
MPRegen  0.11/turn              z - ring of poison resistance

@: no status effects
A: fangs 3, regeneration 1, magic shield, antimagic bite, no potion heal 2
a: Renounce Religion


You were on level 5 of the Dungeon.
You worshipped Fedhas.
Fedhas was aware of your devotion.
You visited 2 branches of the dungeon, and saw 7 of its levels.
You also visited: Sewer.

You collected 293 gold pieces.

Inventory:

Hand Weapons
 a - a +0 long sword (weapon)
Missiles
 e - 2 throwing nets
 h - 153 stones (quivered)
 i - 11 curare-tipped darts
 u - 17 bolts
 w - 4 boomerangs of dispersal
Armour
 b - a +0 scale mail (worn)
 c - a +0 kite shield (worn)
 x - a +0 cloak (worn)
Jewellery
 n - a +4 ring of evasion (left hand)
 z - a ring of poison resistance (right hand)
Wands
 s - a wand of flame (11)
 y - a wand of paralysis (6)
Scrolls
 f - a scroll of enchant armour {unknown}
 g - 5 scrolls of teleportation {unknown}
 j - a scroll of amnesia {unknown}
 l - a scroll of magic mapping {unknown}
 o - a scroll of enchant weapon {unknown}
 q - a scroll of identify
Potions
 d - a potion of might
 k - a potion of cancellation
 m - 2 potions of flight
 p - 2 potions of curing
 r - a potion of ambrosia {unknown}
 t - 2 potions of berserk rage {unknown}
 v - a potion of magic {unknown}


   Skills:
 - Level 2.6 Fighting
 + Level 9.9 Long Blades
 - Level 2.4 Armour
 - Level 2.6 Shields


You had 7 spell levels left.
You didn't know any spells.
Your spell library contained the following spells:

 Spells                   Type           Power      Damage    Failure   Level
 Beastly Appendage        Tmut           0%         N/A       99%         1


Dungeon Overview and Level Annotations

Branches:
Dungeon (6/15)             Temple (1/1) D:5           Sewer (visited)

Altars:
Ashenzari
Cheibriados
Dithmenos
Elyvilon
Fedhas
Gozag
Hepliaklqana
Kikubaaqudgha
Makhleb
Nemelex Xobeh
Qazlal
Sif Muna
Trog
Uskayaw
Vehumet
Wu Jian
Xom
Yredelemnul
Zin
The Shining One

Shops:
D:4 [


Innate Abilities, Weirdness & Mutations

You have razor-sharp teeth.
Your natural rate of healing is unusually fast.
When hurt, damage is shared between your health and your magic reserves.
Your bite disrupts and absorbs the magic of your enemies.
Potions cannot restore your health.


Message History

The orc warrior completely misses you.
You riposte.
You hit the orc warrior.
You bite the orc warrior, but do no damage.
The orc warrior is lightly wounded.
The orc warrior hits you with a +0 scimitar!
The orc hits you with a +0 club. The orc hits you with a +0 short sword.
Found 17 stones and a scroll labelled ZIFAJIENUK.
Found an escape hatch in the floor.
There is a stone staircase leading up, spattered with blood here.
You block the adder's attack. The orc misses you.
The orc hits you with a +0 club. The orc hits you but does no damage.
The orc warrior hits you with a +0 scimitar.
You climb upwards.
There is a stone staircase leading down here.
You closely miss the orc.
The orc warrior hits you but does no damage.
The orc hits you with a +0 short sword. The orc hits you but does no damage.
You closely miss the orc. Your bite misses the orc.
The orc warrior hits you with a +0 scimitar!
You block the orc's attack. The orc closely misses you.
You slash the orc!
You kill the orc!
Fedhas appreciates your contribution to the ecosystem.
The orc hits you but does no damage.
The orc warrior hits you with a +0 scimitar.
You hit the orc.
The orc is heavily wounded.
You block the orc's attack. The orc warrior closely misses you.
The orc hits you with a +0 falchion.
* * * LOW HITPOINT WARNING * * *
You barely miss the orc. You bite the orc. You drain its power.
You feel invigorated.
The orc is severely wounded.
The orc hits you but does no damage.
The orc warrior hits you with a +0 scimitar.
* * * LOW HITPOINT WARNING * * *
The orc hits you with a +0 falchion.
* * * LOW HITPOINT WARNING * * *
The orc warrior hits you with a +0 scimitar!
You die...
Fedhas appreciates your contribution to the ecosystem.

######.## #.#...#.# #
#######.#
#.#...#.####
########.......#
#.........##
.........#######
##.#.##.#.##
##########
#.#.##.#.## #
######## #.#........
# #......#
#.#.#..#.## #
#.#o##.####........##
#
#..#@o..........#####
#
#.#o##.######........
##.#.##.# #.#######
#.......# #.# #
#.##.##.# ###.### #
#.##.##.# #.....#
#.##....# #.....#
#.####..# #.....#
#.####..####.....#


You could see an orc warrior and 2 orcs.

Vanquished Creatures
  Grinder (D:3)
  Purgy (Sewer)
  2 ice beasts (D:5)
  A necrophage (D:5)
  A phantom (D:5)
  3 bullfrogs
  A kobold brigand (D:6)
  2 scorpions (D:6)
  4 orc priests
  3 hounds (D:5)
  A centaur skeleton (D:5)
  2 orc wizards (D:5)
  2 hound skeletons
  5 gnolls
  4 adders
  2 ufetubi
  3 dart slugs (D:1)
  9 orcs
  A ball python (D:1)
  8 endoplasms
  2 giant cockroaches
  7 goblins
  3 hobgoblins
  5 jackals
  3 quokkas
  14 bats
  2 frilled lizards
  11 kobolds
  4 rats
107 creatures vanquished.

Vanquished Creatures (others)
  A plant (D:4)
1 creature vanquished.

Grand Total: 108 creatures vanquished

Notes
Turn   | Place    | Note
-------+----------+-------------------------------------------
     0 | D:1      | siradein the Vine Stalker Fighter began the quest for the
                  | Orb.
     0 | D:1      | Reached XP level 1. HP: 11/11 MP: 2/2
    23 | D:1      | Reached skill level 2 in Long Blades
    25 | D:1      | Reached XP level 2. HP: 14/16 MP: 1/3
   148 | D:1      | Reached skill level 3 in Long Blades
   212 | D:1      | Reached XP level 3. HP: 19/19 MP: 4/4
  1278 | D:2      | Gained mutation: Your natural rate of healing is unusually
                  | fast. [Vine Stalker growth]
  1278 | D:2      | Reached XP level 4. HP: 18/23 MP: 5/5
  1566 | D:2      | Reached skill level 4 in Long Blades
  1789 | D:2      | Reached XP level 5. HP: 27/27 MP: 6/6
  2157 | D:3      | Noticed Grinder
  2208 | D:3      | Killed Grinder
  2209 | D:3      | Reached skill level 6 in Long Blades
  2209 | D:3      | Reached XP level 6. HP: 32/32 MP: 3/7
  2832 | D:4      | Found a glowing drain.
  2849 | Sewer    | Entered a sewer
  2875 | Sewer    | Noticed Purgy
  2897 | Sewer    | Killed Purgy
  3074 | D:4      | Found Elawesy's Antique Armour Boutique.
  3163 | D:4      | Reached XP level 7. HP: 26/35 MP: 5/8
  3210 | D:4      | Found a stormy altar of Qazlal.
  3595 | D:5      | Entered Level 5 of the Dungeon
  3615 | D:5      | Found a staircase to the Ecumenical Temple.
  3671 | D:5      | Found a radiant altar of Vehumet.
  3704 | Temple   | Entered the Ecumenical Temple
  3761 | Temple   | Became a worshipper of Fedhas Madash
  3818 | D:5      | Reached skill level 7 in Long Blades
  3833 | D:5      | Found a white marble altar of Elyvilon.
  4172 | D:5      | Found an ancient bone altar of Kikubaaqudgha.
  4181 | D:5      | Found a shimmering blue altar of Sif Muna.
  4187 | D:5      | Identified Sif Muna's Collected Works on Moulding
  4238 | D:5      | Found a basalt altar of Yredelemnul.
  4451 | D:5      | Reached skill level 8 in Long Blades
  4475 | D:6      | Found a bloodstained altar of Trog.
  4500 | D:5      | Gained mutation: You have razor-sharp teeth. [Vine Stalker
                  | growth]
  4500 | D:5      | Reached XP level 8. HP: 27/39 MP: 5/9
  4692 | D:5      | Reached * piety under Fedhas
  4712 | D:5      | Reached skill level 9 in Long Blades
  4978 | D:5      | Slain by an orc warrior

Illustrated notes

Levels and vault maps discovered:
D:1:      minmay_arrival_stone_box, layout_loops_ring,
          ebering_dispersal_statue_hall, minmay_misc_feat_cross,
          minmay_fountain_box
D:2:      layout_basic, kennysheep_path_1, chequers_serial_rivers_marsh
D:3:      layout_basic, chequers_serial_rivers_micro_b, uniq_grinder
D:4:      layout_gridville, nicolae_qazlal_scattered_showers, serial_shops,
          nicolae_shop_overgrown_old_shop, portal_sewer_entry_d,
          serial_park_tiny_2
D:5:      layout_loops_cross, kennysheep_ying_yang,
          grunt_temple_overflow_magic_moments, minmay_temple_entry_junction
D:6:      layout_rooms, old_standard_altar, old_standard_altar
Temple:   nicolae_temple_god_jail

Skill      XL: |  1  2  3  4  5  6  7  8 |
---------------+-------------------------+-----
Long Blades    | 2 3 4 6 8 9 |  9.9
Fighting       | |  2.6
Armour         | |  2.4
Shields        | |  2.6

Action                   |  1- 3 |  4- 6 |  7- 9 || total
-------------------------+-------+-------+-------++-------
Melee: Long sword        |    65 |   107 |   157 ||   329
       Bite              |    20 |    41 |    56 ||   117
Throw: Stone             |       |       |     1 ||     1
  Use: Scroll            |       |       |     4 ||     4
Armor: Scale mail        |    43 |    41 |    59 ||   143
Dodge: Dodged            |    25 |    57 |    87 ||   169
Block: Kite shield       |    35 |    69 |    93 ||   197
       Rpst.: Long sword |    10 |    14 |    26 ||    50

Table legend: (Time is in decaauts)
 A = Elapsed time spent in this place.
 B = Non-inter-level travel time spent in this place.
 C = Inter-level travel time spent in this place.
 D = Time resting spent in this place.
 E = Time spent auto-exploring this place.
 F = Levels seen in this place.
 G = Mean time per level.
                   A        B        C        D        E       F      G
               +--------+--------+--------+--------+--------+-----+--------+
         Total |   5113 |   4915 |    198 |    150 |   3618 |   8 |  639.1 |
       Dungeon |   4881 |   4683 |    198 |    150 |   3511 |   6 |  813.5 |
        Temple |     72 |     72 |      0 |      0 |     34 |   1 |   72.0 |
         Sewer |    159 |    159 |      0 |      0 |     73 |   1 |  159.0 |
               +--------+--------+--------+--------+--------+-----+--------+

Top non-repeatable levels by time:
     D:5: 1111 daAuts
     D:1: 1065 daAuts
     D:2: 917 daAuts
     D:3: 849 daAuts
     D:4: 689 daAuts
     D:6: 248 daAuts
   Sewer: 159 daAuts
  Temple: 72 daAuts
